[Event "TUR-ch U13-18 Open 2023"]
[Site "Antalya"]
[Date "2023.01.23"]
[Round "3"]
[White "Deniz, Yagiz Efe"]
[Black "Tezcan, Alper"]
[Result "0-1"]
[ECO "C01"]
[WhiteElo "1449"]
[BlackElo "1568"]
[Annotator "NA RC COMBH"]
[PlyCount "86"]
[EventDate "2023.01.17"]
[EventType "swiss"]
[EventCountry "TUR"]
[SourceTitle "playchess.com"]
[Source "ChessBase"]
[SourceQuality "1"]
[TimeControl "5400+30"]

1. e4 e6 2. Nf3 d5 3. exd5 exd5 4. d4 Bg4 5. Be2 Bd6 6. h3 Bh5 7. O-O Ne7 8. Bg5 f6 9. Be3 O-O 10. c4 dxc4 11. Bxc4+ Kh8 12. Nbd2 Nd7 13. Qc2 Bg6 14. Bd3 Bxd3 15. Qxd3 c6 16. Ne4 Nc5 17. Nxc5 Bxc5 18. Qb3 Bb6 19. Rad1 Nd5 20. Rfe1 Qd7 21. Nd2 Rfe8 22. Nb1 Bc7 23. Nc3 Nxe3 24. fxe3 Qd6 25. Ne2 Re7 26. Qd3 Qh2+ 27. Kf1 Rae8 28. Ng1 Re4 29. Nf3 Qd6 30. Qd2 Qd5 31. Qf2 Ba5 32. Re2 Qxa2 33. g4 Qd5 34. b4 Bxb4 35. Rb1 a5 36. Nh4 Rxd4 37. Ng2 Rd1+ 38. Rxd1 Qxd1+ 39. Ne1 Rd8 40. Qg3 Qd6 41. Qf2 Qd5 42. Kg1 a4 43. Qg3 Qc4 0-1

[Event "TUR-ch U13-18 Open 2023"]
[Site "Antalya"]
[Date "2023.01.23"]
[Round "3"]
[White "Gokce, Furkan"]
[Black "Avsar, Gediz"]
[Result "0-1"]
[ECO "E13"]
[WhiteElo "1442"]
[BlackElo "1748"]
[Annotator "NA RC COMBH"]
[PlyCount "72"]
[EventDate "2023.01.17"]
[EventType "swiss"]
[EventCountry "TUR"]
[SourceTitle "playchess.com"]
[Source "ChessBase"]
[SourceQuality "1"]
[TimeControl "5400+30"]

1. d4 Nf6 2. Nf3 e6 3. c4 b6 4. Nc3 Bb4 5. Bg5 Bb7 6. e3 Bxc3+ 7. bxc3 h6 8. Bh4 d6 9. Bd3 Nbd7 10. O-O O-O 11. Re1 c5 12. e4 e5 13. d5 Re8 14. Bc2 g5 15. Bg3 Nf8 16. h4 g4 17. Nh2 Bc8 18. Qd2 Kh7 19. f4 gxf3 20. Nxf3 Ng6 21. Rf1 Nh5 22. Bf2 Ngf4 23. g3 Rg8 24. Kh2 Qd7 25. Ng1 Nh3 26. Ba4 Nxg1 27. Qxh6+ Kxh6 28. Be3+ Kg7 29. Bxd7 Bxd7 30. Rxg1 Nf6 31. Kg2 Nxe4 32. h5 Kh7 33. Kh2 Nf6 34. Kg2 Nxh5 35. Rh1 Rxg3+ 36. Kf2 Rh3 0-1

[Event "TUR-ch U13-18 Open 2023"]
[Site "Antalya"]
[Date "2023.01.23"]
[Round "3"]
[White "Kutdemir, Mehmet"]
[Black "Hatirli, Ugur Can"]
[Result "0-1"]
[ECO "B26"]
[WhiteElo "1369"]
[BlackElo "1989"]
[Annotator "TA"]
[PlyCount "76"]
[EventDate "2023.01.17"]
[EventType "swiss"]
[EventCountry "TUR"]
[SourceTitle "playchess.com"]
[Source "ChessBase"]
[SourceQuality "1"]
[TimeControl "5400+30"]

1. e4 c5 2. Nc3 d6 3. g3 Nc6 4. Bg2 g6 5. d3 Bg7 6. Be3 Rb8 7. Qd2 Nd4 8. Nd1 e6 9. c3 Nc6 10. Ne2 h5 {[%emt 0:07:30] B26: Closed Sicilian: 3 g3, lines with early Be3.} 11. h4 {[%emt 0:03:30] [#]} b6 $146 ({Predecessor:} 11... b5 12. O-O Nf6 13. Bg5 O-O 14. f4 Qb6 15. Kh1 Ng4 16. Ne3 Nxe3 17. Qxe3 f6 {1-0 Bommini,M (2029)-Krush,I (2429) Titled Tuesday intern op 26th May blitz 2020 (4)}) 12. O-O Ba6 13. Re1 Ne5 14. Nc1 (14. d4 $5 Nd3 15. Rf1 $11) 14... Ne7 15. f4 Ng4 16. Nf2 Nxe3 17. Qxe3 d5 18. Nb3 O-O 19. Rad1 Bb7 20. d4 c4 21. Nd2 dxe4 22. Nfxe4 Nf5 23. Qe2 b5 24. Nf1 (24. Kh2 {keeps more tension.} Bd5 25. Nf3 a5 26. Ne5) 24... Qc7 (24... b4 $5) 25. Kh2 Rfd8 26. Qf2 {[%emt 0:03:30] [#]} b4 $1 27. Ne3 (27. Nc5 Bxg2) 27... Bxe4 28. Bxe4 Nd6 29. Bf3 Qa5 30. cxb4 (30. Rc1 $1 $15) 30... Qxa2 (30... Qxb4 31. Re2 $17) ({Black should try} 30... Rxb4 {White must now prevent ...Qb6.} 31. Re2 Qb6) 31. d5 {[%emt 0:01:30] [#]} ({Better is} 31. Re2) 31... Rxb4 {[%emt 0:01:13] Black is more active.} (31... Qxb2 32. Qxb2 Bxb2 33. dxe6 fxe6 34. g4 $17) (31... c3 $1 $17 32. Ra1 Qxb2) 32. dxe6 $11 {[%emt 0:01:30] Ng2 is the strong threat.} fxe6 (32... Qxb2 $2 33. Re2 Qb3 34. e7 $18) 33. Ng2 Nf7 (33... Qxb2 34. Qxa7 Rb3 35. Qc7 $16) (33... Bxb2 $2 34. Rxe6 Qa4 35. Rxg6+ Bg7 36. Rdxd6 $18) (33... Rxb2 $11 {keeps the balance.} 34. Qc5 Qb3 35. Bxh5 gxh5 36. Rxd6 Rxd6 37. Qxd6 c3 38. Qd8+ Bf8 39. Qg5+ Bg7 40. Qd8+ Bf8 41. Qg5+ Bg7 42. Qd8+) 34. Qc2 Rxd1 (34... Qxb2 35. Rxd8+ Nxd8 36. Qxg6 $16) 35. Rxd1 Qb3 (35... Rxb2 $2 36. Qxg6 Rd2 37. Rxd2 Qxd2 38. Qxe6 $18 (38. Qxh5 c3 $16)) 36. Qe4 {[%emt 0:05:29] Hoping for Rd7.} c3 $2 (36... Rb6 $14) 37. Qxg6 $18 {[%emt 0:00:48] Rd7 would be deadly.} c2 38. Bxh5 (38. Rd7 $18 e5 39. Rc7 (39. Qxh5 $2 {too greedy.} c1=Q $19)) 38... Rb7 {[%emt 0:00:35][%mdl 32768] Weighted Error Value: White=0.38/Black=0.41. Loss on time!?} (38... cxd1=N {gets mated.} 39. Qxf7+ Kh8 40. Qe8+ Kh7 41. Bg6+ Kh6 42. Bb1) (38... cxd1=Q $11 {remains equal.} 39. Qxf7+ Kh8 40. Qe8+ Kh7 41. Qg6+ Kh8 42. Qe8+ Kh7 43. Qg6+ Kh8 44. Qe8+) 0-1

[Event "TUR-ch U13-18 Open 2023"]
[Site "Antalya"]
[Date "2023.01.24"]
[Round "4"]
[White "Taspinar, Yanki"]
[Black "Tutuncu, Ali"]
[Result "1/2-1/2"]
[ECO "D28"]
[WhiteElo "2275"]
[BlackElo "1728"]
[Annotator "TA"]
[PlyCount "52"]
[EventDate "2023.01.17"]
[EventType "swiss"]
[EventCountry "TUR"]
[SourceTitle "playchess.com"]
[Source "ChessBase"]
[SourceQuality "1"]
[TimeControl "5400+30"]

1. d4 d5 2. c4 dxc4 3. Nf3 Nf6 4. e3 e6 5. Bxc4 a6 6. O-O c5 7. Qe2 Nc6 8. Rd1 Qc7 {[%emt 0:00:30] D28: Queen's Gambit Accepted: Classical main line: 7 Qe2 with early ...Nc6.} 9. Bb3 Be7 10. Nc3 b5 {[%emt 0:03:30] The position is equal.} 11. Bd2 O-O 12. Rac1 c4 13. Bc2 {[%emt 0:00:30] [#]} e5 $146 ({Predecessor:} 13... Rd8 14. a4 Rb8 15. Ne4 e5 16. dxe5 Nxe4 17. Bxe4 Nxe5 18. axb5 axb5 {0-1 Yermolinsky,A (2615)-Wolff,P (2590) USA-ch Durango 1992 (13)}) 14. a4 Rb8 15. axb5 axb5 {[%emt 0:00:00] [#]} 16. Nxb5 $1 Rxb5 17. Qxc4 Ba6 {[%emt 0:23:30] Strongly threatening ...Rb6.} 18. Ba4 (18. dxe5 $1 $14 Rb6 19. Qa4) 18... Rb6 $11 (18... Rxb2 $2 19. Qxa6 Rb6 20. Qc4 $18 (20. Rxc6 Qxc6 21. Bxc6 Rxa6 $14)) 19. Qc2 {[%emt 0:00:30] Hoping for Ba5.} e4 $1 ({Much less strong is} 19... Be2 20. Ba5 Bxd1 21. Qxd1 $16) 20. Ne5 {[%emt 0:03:30] [#] Threatens to win with Ba5.} Bd3 $1 21. Nxd3 exd3 22. Qc4 Ne4 23. Bxc6 Nxf2 24. Rf1 {[%emt 0:23:28] The board is on fire.} (24. Kxf2 $16 Qxh2 25. Kf3 (25. Qxd3 Rxc6 26. Qe4 Rf6+ 27. Ke2 Qh5+ 28. Kd3 Qb5+ 29. Kc2 Ba3 $19) 25... Qh5+ 26. g4 (26. Kf2 $2 Bh4+ 27. Kg1 Bg3 $19)) 24... Ng4 25. g3 {[%emt 0:00:30] Rf4 is the strong threat.} Bg5 {[%emt 0:00:30] Wards off Rf4} 26. Rf3 {[%emt 0:06:56] Black must now prevent b4.} Qd6 {[%emt 0:10:39] An interesting game.   Weighted Error Value: White=0.17 (very precise) /Black=0.17 (very precise)} 1/2-1/2

[Event "TUR-ch U13-18 Open 2023"]
[Site "Antalya"]
[Date "2023.01.24"]
[Round "4"]
[White "Ozen, Metehan"]
[Black "Caliskan, Seha"]
[Result "1/2-1/2"]
[ECO "C01"]
[WhiteElo "2137"]
[BlackElo "1954"]
[Annotator "TA"]
[PlyCount "37"]
[EventDate "2023.01.17"]
[EventType "swiss"]
[EventCountry "TUR"]
[SourceTitle "playchess.com"]
[Source "ChessBase"]
[SourceQuality "1"]
[TimeControl "5400+30"]

1. e4 e6 2. d4 d5 3. Nc3 Bb4 4. exd5 exd5 5. Bd3 Nf6 6. Nge2 c6 7. O-O O-O {[%emt 0:02:30] The position is equal.} 8. h3 {[%emt 0:04:30] C01: French: Exchange Variation.} Nbd7 9. Ng3 Re8 10. Qf3 Nf8 {[%emt 0:11:30] [#] Not much happened in this game.   Weighted Error Value: White=0.04 (flawless) /Black=0.00 (flawless)} {Predecessor:} 11. Nce2 $146 Ng6 12. c3 Be7 13. Nf5 Bxf5 14. Qxf5 Nh4 15. Qf4 Ng6 16. Qf3 Nh4 17. Qf4 Ng6 18. Qf3 Nh4 19. Qf4 {½-½ Krzyzanowski,M (2535)-Sasikiran,K (2635) Prague Challengers 4th 2022 (7)} 1/2-1/2

[Event "TUR-ch U13-18 Open 2023"]
[Site "Antalya"]
[Date "2023.01.24"]
[Round "4"]
[White "Demirtas, Alper"]
[Black "Ersoz, Teoman Guney"]
[Result "1-0"]
[ECO "A05"]
[WhiteElo "1990"]
[BlackElo "1691"]
[Annotator "TA"]
[PlyCount "97"]
[EventDate "2023.01.17"]
[EventType "swiss"]
[EventCountry "TUR"]
[SourceTitle "playchess.com"]
[Source "ChessBase"]
[SourceQuality "1"]
[TimeControl "5400+30"]

1. Nf3 Nf6 2. g3 g6 3. b3 Bg7 4. Bb2 O-O 5. Bg2 d5 6. c4 c5 7. cxd5 {[%emt 0:01:00] A05: Réti Opening: 1 Nf3 Nf6.} Qxd5 8. Nc3 Qh5 9. h3 {[%emt 0:00:30] Black must now prevent g4. White is slightly better.} Nd5 10. g4 Nxc3 11. dxc3 Qh6 {[%emt 0:02:30] [#]} 12. Qd5 $146 ({Predecessor:} 12. Qc2 Qf4 13. e3 Qc7 14. c4 Nc6 15. Bxg7 Kxg7 16. O-O-O a5 17. a4 Be6 18. Kb2 {0-1 Martin Duque,J (2424)-Fernandez Siles,L (2229) Titled Tuesday intern op 22 Mar Late blitz 2022 (1)}) 12... Qf4 13. Qxc5 Nc6 14. Qe3 {[%emt 0:02:30] Prevents Qe4} Qxe3 15. fxe3 Nb4 {[%emt 0:01:30] Black is now going downhill.} ({Black should play} 15... a5) 16. Kf2 ({But not} 16. Nd4 $6 Bxd4 17. exd4 (17. cxd4 Nc2+ 18. Kf2 f5 $11) 17... Nc2+ 18. Kd2 Nxa1 $11) ({White should try} 16. O-O-O $16 Nxa2+ 17. Kc2) 16... Nd5 (16... f5 $1 $14) 17. Nd4 $36 {[%emt 0:02:30][%mdl 2048] Black is under strong pressure.} e6 18. c4 Nb6 19. Ba3 Rd8 (19... Re8 {was necessary.} 20. Rad1 a6) 20. Rad1 $18 a6 $2 (20... Bf8) 21. Nc6 Rxd1 22. Rxd1 Bf6 23. Ne7+ Bxe7 24. Bxe7 Nd7 {[%emt 0:00:30] [#]} 25. Bxb7 $1 {[%emt 0:00:30][%mdl 576] Deflection} Bxb7 26. Rxd7 {[%emt 0:00:00][%mdl 4096] Endgame KRB-KRB} Be4 27. b4 h6 28. Kg3 g5 29. h4 gxh4+ 30. Bxh4 Kg7 (30... Rc8 $142 31. c5 Kg7) 31. Kf4 Bb1 32. a3 Rc8 33. c5 Ba2 34. Rd2 Bc4 35. Ke5 Rc6 $2 (35... Kg6 36. Be7 Bb5) 36. Rd6 Rc8 37. Rb6 Bxe2 38. c6 Bf3 39. Kd6 ({Weaker is} 39. Rxa6 Bxc6 40. a4 Bf3 $16) 39... Bxg4 40. c7 f6 41. Rxa6 e5 42. b5 Be2 43. a4 {[%emt 0:00:30] [#] aiming for Ra7.} f5 44. Rb6 f4 45. exf4 {[%emt 0:00:00] Intending Rb8 and mate.} exf4 46. Rb8 {[%emt 0:00:00] White mates.} Bg4 47. b6 f3 48. b7 f2 49. Bxf2 {[%emt 0:00:00] Weighted Error Value: White=0.17 (very precise) /Black=0.61} (49. bxc8=B f1=Q 50. Bxg4 Qf4+ 51. Kd5 (51. Kc6 Qc4+ 52. Kd6 Qf4+ 53. Kd5 Qxc7 $16) 51... Qxc7 $16) 1-0

[Event "TUR-ch U13-18 Open 2023"]
[Site "Antalya"]
[Date "2023.01.24"]
[Round "4"]
[White "Engin, Onur Cinar"]
[Black "Anacak, Hasan Gunes"]
[Result "1/2-1/2"]
[ECO "B06"]
[WhiteElo "1990"]
[BlackElo "1898"]
[Annotator "TA"]
[PlyCount "93"]
[EventDate "2023.01.17"]
[EventType "swiss"]
[EventCountry "TUR"]
[SourceTitle "playchess.com"]
[Source "ChessBase"]
[SourceQuality "1"]
[TimeControl "5400+30"]

1. e4 c5 2. c3 d5 3. exd5 Qxd5 4. d4 g6 5. Nf3 Bg7 6. Na3 cxd4 7. Nb5 {[%emt 0:01:30] B06: Modern Defence.} (7. Bc4 $5 Qa5 8. Nxd4 $14) 7... Na6 {[%emt 0:01:30] Repels Nc7+} 8. Nbxd4 $1 {[%emt 0:00:30] 8.Nbxd4 is better than 8.Be3.} Nf6 9. Bb5+ {[%emt 0:01:30] White has an edge.} Bd7 10. Bxa6 bxa6 11. O-O O-O 12. Re1 Rfe8 13. Ne5 Bc8 14. Qb3 {[%emt 0:09:30] [#]} (14. Ndc6 {simplifies} Qxd1 15. Rxd1 Be6 16. Nd4) 14... Rb8 $146 ({Predecessor:} 14... Bb7 15. Qxd5 Bxd5 16. c4 Bb7 17. f3 Rac8 18. b3 Red8 19. Bb2 e6 20. Rad1 Nd7 {0-1 Keller,P (2377)-Sirosh,I (2402) Titled Tuesday intern op 24th May Late blitz 2022 (7)}) 15. Qxd5 (15. Qxb8 {with more complications.} Bh3 16. Qxe8+ Nxe8 17. Nef3) 15... Nxd5 16. c4 Nf6 17. b3 {[%emt 0:03:30] White is more active.} (17. Nec6 $5 Rb7 18. b3 $14) 17... Ng4 {[%emt 0:42:30] [#]} (17... Bb7 $14) 18. f4 (18. Nec6 $1 $16) 18... Bb7 $11 (18... Nxe5 {simplifies} 19. fxe5 Bb7 20. Ba3 a5) 19. Bb2 Rbd8 (19... Nxe5 $11 {was preferrable.} 20. fxe5 Rbc8) 20. Rad1 Nxe5 21. fxe5 Rd7 22. Nf3 Rc7 23. Rd3 {[%emt 0:01:30] Black is weak on the dark squares} (23. Bc3 $16) 23... a5 24. Red1 a4 25. Rd8 ({Reject} 25. bxa4 Rxc4 26. Rd8 Rf8 $17) 25... Rc8 26. Rxe8+ Rxe8 27. b4 (27. Rd7 $5 Be4 28. Rxa7 $16) 27... Rc8 28. c5 {[%emt 0:02:30] aiming for Rd7.} a5 29. a3 ({Much weaker is} 29. bxa5 Rxc5 30. Rd7 Bxf3 31. gxf3 Rxa5 32. Rxe7 h5 $11) 29... axb4 30. axb4 Rb8 (30... Bc6 $11) 31. Nd2 $2 {[%emt 0:10:03] [#]} (31. Bc3 $14 {keeps the upper hand.}) 31... Bd5 {[%emt 0:00:36] A strong pair of Bishops.} (31... Bc6 $1 $19 32. Bc3 Rd8) 32. Bc3 ({White should play} 32. Nf3 $15 e6 33. Ba3) 32... e6 (32... a3 $17 33. Nf3 e6) 33. Nb1 Bf8 34. Na3 Be7 35. Be1 (35. Kf2 $14) 35... Kf8 ({Black should try} 35... f6 $15) 36. Bd2 Ke8 37. Rc1 f6 38. Nc4 (38. b5 $11 {remains equal.}) 38... Bxc4 ({Better is} 38... fxe5 $17 {Strongly threatening ...Rd8.} 39. Nb6 Bc6) 39. Rxc4 $17 {[%emt 0:00:04][%mdl 4096] Endgame KRB-KRB} Kd8 40. Bc3 (40. exf6 $1 $15 Bxf6 41. Bc1) 40... f5 41. Kf2 Kc7 42. Ke2 Kc6 43. Rd4 Rd8 44. Kd3 (44. b5+ $17 {was called for.} Kxb5 45. Rb4+ Kxc5 46. Rxa4) 44... Rxd4+ $19 45. Bxd4 {[%emt 0:01:03] Black must now prevent Kc4.} Kb5 46. Kc3 Bf8 47. Be3 {[%emt 0:00:33] Weighted Error Value: White=0.38/Black=0.25 (precise)} 1/2-1/2

[Event "TUR-ch U13-18 Open 2023"]
[Site "Antalya"]
[Date "2023.01.24"]
[Round "4"]
[White "Temizer, Umut"]
[Black "Acar, Erdogan"]
[Result "1-0"]
[ECO "B45"]
[WhiteElo "1989"]
[BlackElo "1631"]
[Annotator "TA"]
[PlyCount "109"]
[EventDate "2023.01.17"]
[EventType "swiss"]
[EventCountry "TUR"]
[SourceTitle "playchess.com"]
[Source "ChessBase"]
[SourceQuality "1"]
[TimeControl "5400+30"]

1. e4 c5 2. Nf3 e6 3. d4 cxd4 4. Nxd4 Nf6 5. Nc3 Nc6 6. Ndb5 Bb4 7. a3 Bxc3+ 8. Nxc3 d5 9. Bd3 dxe4 10. Nxe4 Nxe4 11. Bxe4 Qxd1+ 12. Kxd1 Bd7 13. Be3 {[%emt 0:04:30] B45: Sicilian Four Knights.} f5 {[%emt 0:14:30] 13...f5 scores better than 13...0-0-0.} 14. Bf3 e5 15. Kc1 {[%emt 0:03:30] The position is equal.} O-O-O 16. Rd1 e4 (16... f4 $11 17. Bc5 b6) 17. Be2 $14 Be6 18. b3 Rxd1+ 19. Bxd1 Rd8 20. Kb2 {[%emt 0:04:30] [#]} Nd4 $146 ({Predecessor:} 20... a6 21. Be2 Ne5 22. h3 h6 23. Rd1 Rxd1 24. Bxd1 g5 25. Bd4 Ng6 26. Bg7 h5 {1-0 Sanz Rodero,M (1982)-Perez Malvido,J (1842) ESP-ch U18 Padron 2008 (5)}) 21. a4 a5 22. Kc3 Nc6 23. Bb6 Rd5 24. Be2 {[%emt 0:01:30] Bc4 is the strong threat.} Nb4 25. Bc4 {[%emt 0:02:30] Threatens to win with Bxa5.} Kd7 {[%emt 0:01:28] [#]} 26. Bxa5 Na2+ 27. Rxa2 Rxa5 28. Ra1 Bxc4 29. Kxc4 $16 {[%emt 0:01:30][%mdl 4096] Endgame KR-KR} Kc6 30. b4 {[%emt 0:01:30] Against Rc5+} Rxa4 {[%emt 0:02:02][%mdl 8192] A mistake that costs the game.} (30... Ra8 $16 31. b5+ Kb6) 31. Rxa4 {[%emt 0:09:30] KR-KP} b5+ 32. Kb3 {[%emt 0:00:30] Strongly threatening Ra6+.} bxa4+ 33. Kxa4 $18 {[%emt 0:00:00] Black must now prevent c4. KP-KP} f4 $2 (33... Kd5 34. Kb3 Kd4) 34. Kb3 e3 35. fxe3 fxe3 36. Kc3 Kb5 37. h4 Ka4 38. g4 Kb5 39. h5 Ka4 40. g5 Kb5 41. Kd3 Kxb4 42. Kxe3 {[%emt 0:01:30] K3P-KPP} Kc3 43. Ke4 Kxc2 {[%emt 0:00:00] KPP-KPP} 44. Kf5 Kd3 45. Ke6 Ke4 46. Kf7 h6 47. g6 Kf5 48. Kxg7 {[%emt 0:00:30] KPP-KP} Kg5 49. Kf7 Kxh5 {[%emt 0:00:00] KP-KP} 50. g7 Kh4 51. g8=Q h5 52. Qg1 Kh3 53. Kg6 {[%emt 0:00:00] White mates.} h4 54. Qh1+ Kg3 55. Kf5 {[%emt 0:00:00] Weighted Error Value: White=0.06 (flawless) /Black=0.26 (precise)} 1-0

[Event "TUR-ch U13-18 Open 2023"]
[Site "Antalya"]
[Date "2023.01.24"]
[Round "4"]
[White "Gungor, Cihan Akif"]
[Black "Topuz, Mirac Melih"]
[Result "1/2-1/2"]
[ECO "B47"]
[WhiteElo "1871"]
[BlackElo "2071"]
[Annotator "TA"]
[PlyCount "165"]
[EventDate "2023.01.17"]
[EventType "swiss"]
[EventCountry "TUR"]
[SourceTitle "playchess.com"]
[Source "ChessBase"]
[SourceQuality "1"]
[TimeControl "5400+30"]

1. e4 c5 2. Nf3 Nc6 3. d4 cxd4 4. Nxd4 Qc7 5. Nc3 e6 6. g3 a6 7. Bg2 Nf6 8. O-O Nxd4 9. Qxd4 Bc5 10. Bf4 d6 11. Qd2 h6 12. Rad1 e5 13. Be3 Bb4 {[%emt 0:00:00] [#] 13...Bxe3 is setting a new trend. B47: Sicilian: Taimanov: 5 Nc3 Qc7 6 f4, 6 g3 and 6 Be2.} 14. Nb5 $1 {[%emt 0:10:30][%mdl 64] Discovered Attack} axb5 15. Qxb4 Rxa2 {[%emt 0:00:00] White is slightly better.} 16. Rxd6 {[%emt 0:00:30] Black must now prevent Bb6.} O-O $1 17. Rd2 Qc4 18. Qxc4 bxc4 19. Bc5 Re8 20. c3 {[%emt 0:00:00] [#]} Bd7 $146 ({Predecessor:} 20... Ra5 21. Bb4 Ra8 22. Rfd1 Bg4 23. f3 Be6 24. h3 Nh5 25. Kf2 g5 26. Bf1 Rec8 {1-0 Blit,J (2321)-Latorre Lopez Moreira,L (2342) Asuncion CC Deportivo 100 Years 2022 (4)}) 21. f3 Ba4 22. Bh3 Ra8 23. Ba3 Bc2 24. Rc1 (24. Rxc2 $6 R8xa3 25. Rd1 Kf8 $11) 24... Bd3 25. Rcd1 b5 26. Bf1 Bc2 27. Rd8+ (27. Rxc2 R8xa3 28. Rd8+ Kh7 $14) 27... Kh7 28. R1d2 Rxd8 29. Rxd8 g5 30. Rd6 Kg7 31. Ra6 (31. Rd2 $16 Bb1 32. Bd6) 31... Bb3 (31... g4 $1 $14) 32. Bh3 (32. Rb6 $16) 32... g4 33. Bxg4 {[%emt 0:00:30] Strongly threatening Bf5.} ({Don't play} 33. fxg4 Nxe4 34. Bf1 Kh7 $11) 33... Nxg4 (33... b4 $1 $14 34. cxb4 c3 35. bxc3 Bc4) 34. fxg4 $14 {[%emt 0:00:30][%mdl 4096] Endgame KRB-KRB} Ra1+ 35. Kf2 {[%emt 0:00:30][%cal Oa3f8] Threatens to win with Bf8+!} Rd1 36. Bd6 Rd2+ 37. Ke3 Rd3+ 38. Ke2 Bd1+ 39. Kf2 Bxg4 (39... f6 $142) 40. Bxe5+ $16 Kh7 41. Bf4 {[%emt 0:00:30] Inhibits Rd2+.} h5 42. Rb6 Kg7 43. Rxb5 Rd7 (43... Rd1 $16 44. Rb4 Be6) 44. Be5+ Kg6 45. Rb6+ Kh7 46. Ke3 Be6 47. Kf4 Kg6 48. Bd4 Rd8 49. Rb5 Ra8 50. Ke5 ({White should play} 50. Rg5+ $18 Kh6 51. h4) 50... Ra6 51. Rb8 (51. Be3 $142) 51... h4 52. gxh4 $18 Ra1 53. Rb6 $2 (53. Kf4 $18 {has better winning chances. White wants to mate with Rg8+.} Ra5 54. Be5) 53... Ra5+ (53... Rh1 $16) 54. Kf4 Ra1 55. Rb5 Rf1+ 56. Ke5 (56. Kg3 $18) 56... Rh1 $16 {[%emt 0:00:00] [#]} 57. h5+ $1 Kh7 {[%emt 0:01:15] [#]} (57... Kxh5 58. Kf4+) 58. Kf6 ({White should try} 58. Be3 $1 $16) 58... Rxh2 $14 59. Ke7 Rh4 60. Re5 Rh2 61. Rxe6 fxe6 {[%emt 0:00:55] The position is equal.} 62. Kxe6 Rxh5 {[%emt 0:00:30] KR-KB} 63. e5 Kg8 64. Kd7 (64. Kd5 $5 Rh2 $8 65. e6 $11 (65. Kxc4 Rxb2 66. Be3 Kf8 $11)) 64... Rh2 65. e6 {[%emt 0:00:30] Threatening mate with e7.} Rxb2 66. e7 Rb7+ 67. Ke6 (67. Kd8 $5 Rb8+ $8 68. Kc7 $11) 67... Rb8 68. Bc5 Kg7 69. Ba7 Re8 70. Bb6 Kg6 71. Bd8 Rh8 72. Kd5 Kf7 73. Kxc4 Ke6 74. Kb5 {[%emt 0:00:30] And now Kc6 would win.} Kd7 75. c4 Rh1 76. c5 Rb1+ 77. Ka4 Ra1+ 78. Kb3 Rc1 79. Kb4 Rc2 80. Kb5 Rc1 81. c6+ Rxc6 82. e8=B+ Kxd8 83. Bxc6 {[%emt 0:01:22] Black escapes into a draw.   Weighted Error Value: White=0.20 (precise) /Black=0.19 (very precise)} 1/2-1/2

[Event "TUR-ch U13-18 Open 2023"]
[Site "Antalya"]
[Date "2023.01.24"]
[Round "4"]
[White "Dirikolu, Deniz"]
[Black "Deveci, Huseyin Said"]
[Result "1-0"]
[ECO "B42"]
[WhiteElo "1868"]
[BlackElo "1987"]
[Annotator "TA"]
[PlyCount "83"]
[EventDate "2023.01.17"]
[EventType "swiss"]
[EventCountry "TUR"]
[SourceTitle "playchess.com"]
[Source "ChessBase"]
[SourceQuality "1"]
[TimeControl "5400+30"]

1. e4 c5 2. Nf3 e6 3. d4 cxd4 4. Nxd4 a6 5. Bd3 Bc5 6. Nb3 Ba7 7. O-O Nc6 8. c4 (8. Qg4 $5 ) 8... d6 {[%emt 0:00:00] B42: Sicilian: Kan Variation: 5 Bd3.} 9. Kh1 Nf6 (9... Qh4 {is more complex.} 10. f3 Nf6 11. Bd2 O-O) 10. Qe2 {[%emt 0:01:30] [#]} O-O $146 {[%emt 0:00:30] The position is equal.} ({Predecessor:} 10... e5 11. Nc3 Ng4 12. h3 Qh4 13. Be3 Nxe3 14. fxe3 O-O 15. Nd5 Bd7 16. Nd2 Rae8 {0-1 Cardona,C (1861)-Terao,J (2094) Pan American-ch U18 Girls 17th 2008 (1)}) 11. f4 (11. Nc3 $11) 11... Nb4 $15 12. Rd1 Qb6 13. h3 $1 Bd7 (13... d5 $17 {...Nxd3 would be deadly.} 14. c5 Qc6) 14. Nc3 $11 Nxd3 15. Qxd3 Bc6 (15... Rfd8 {simplifies} 16. Nd4 Qxd4 17. Qxd4 Bxd4 18. Rxd4 Bc6) 16. Re1 ({Better is} 16. Nd4 $15) 16... Qf2 $17 17. Be3 Qg3 (17... Bxe3 $17 18. Qxe3 Qxb2) 18. Rad1 $11 Bxe3 19. Qxe3 Qh4 (19... Qxe3 $14 20. Rxe3 Rad8) 20. Kg1 $16 Rfd8 21. Nd4 Nh5 22. Nce2 Rac8 {[%emt 0:00:55] [#]} ({Black should play} 22... e5 $14 23. Nf5 exf4 24. Nxh4 fxe3) 23. Nf3 (23. g4 $1 $16 ) 23... Qe7 $1 $11 24. g4 Nf6 25. Nc3 b5 26. cxb5 axb5 27. a3 Qb7 28. Rd4 d5 29. e5 Ne4 30. Nxe4 dxe4 31. Red1 $36 {[%emt 0:00:30][%mdl 2048] Black is under pressure.} Rxd4 32. Nxd4 Bd5 33. f5 Qb8 (33... Qc7 $5 ) 34. Qf4 f6 35. fxe6 {[%emt 0:00:30] [#] aiming for Nf5.} e3 $2 {[%emt 0:00:30][%mdl 8192] Loses the game.} (35... Qc7 $1 $11 {and Black stays safe.}) 36. Qxe3 $18 Rf8 (36... Re8 37. exf6 gxf6) 37. e7 Re8 38. exf6 {[%emt 0:00:30] White threatens Nf5 and mate.} gxf6 39. Nf5 {[%emt 0:00:00] White mates.} Bc4 40. Nd6 Rxe7 {[%emt 0:00:43] Black is weak on the dark squares} 41. Qxe7 Qb6+ 42. Kg2 {[%emt 0:00:00] Weighted Error Value: White=0.14 (very precise) /Black=0.46} 1-0

[Event "TUR-ch U13-18 Open 2023"]
[Site "Antalya"]
[Date "2023.01.24"]
[Round "4"]
[White "Yildiz, Tunahan"]
[Black "Kaynak, Deniz Can"]
[Result "1-0"]
[ECO "A28"]
[WhiteElo "1792"]
[BlackElo "1620"]
[Annotator "NA RC COMBH"]
[PlyCount "49"]
[EventDate "2023.01.17"]
[EventType "swiss"]
[EventCountry "TUR"]
[SourceTitle "playchess.com"]
[Source "ChessBase"]
[SourceQuality "1"]
[TimeControl "5400+30"]

1. c4 e5 2. Nc3 Nc6 3. Nf3 Nf6 4. e4 Bc5 5. Nxe5 Nxe5 6. d4 Bb4 7. dxe5 Nxe4 8. Qf3 Nxc3 9. bxc3 Ba5 10. Bf4 d6 11. O-O-O O-O 12. exd6 Qe8 13. Kb2 Qa4 14. Bd3 Be6 15. Qe4 g6 16. Bh6 cxd6 17. Qd4 f6 18. Bxf8 Rxf8 19. Bc2 Qc6 20. Qxd6 Qxc4 21. Qxe6+ Qxe6 22. Bb3 Bxc3+ 23. Kxc3 Rc8+ 24. Kb4 a5+ 25. Kb5 1-0